 Dungeon Crawl Stone Soup version 0.28.0-53-g5a82cb258f (webtiles) character file.

Game seed: 14046876923096200560

505630 raph the Slayer (level 24, -5/224 (243) HPs)
             Began as a Minotaur Fighter on July 12, 2022.
             Was a High Priest of Okawaru.
             Slain by a shadow dragon (9 damage)
             ... on level 5 of the Vaults on July 13, 2022.
             The game lasted 02:14:59 (70025 turns).

raph the Slayer (Minotaur Fighter)                 Turns: 70025, Time: 02:15:00

HP:   -5/224 (243)  AC: 46    Str: 23    XL:     24   Next: 16%
MP:   17/33         EV: 30    Int: -1 (5) God:    Okawaru [*****.]
Gold: 1832          SH: 14    Dex: 20    Spells: 28/31 levels left

rFire   + . .      SeeInvis .   a - +6 demon trident (flame)
rCold   + . .      Faith    .   T - +3 warlock's mirror {reflect}
rNeg    . . .      Spirit   .   c - +10 plate armour {rF+}
rPois   +          Reflect  +   l - +2 hat {Will+}
rElec   .          Harm     .   o - +2 cloak "Ewocosag" {rPois}
rCorr   .          Rampage  .   u - +2 pair of gloves {infuse}
Will    ++...                   D - +2 pair of boots {Fly}
Stlth   +.........              Y - amulet of regeneration
HPRegen 0.00/turn               X - ring of the Hare {EV+8}
MPRegen 0.23/turn               O - +4 ring of slaying

@: heroic, finesse-ful, sick, flying, hasted and slowed, lost intelligence,
studying Shields, drained, unable to read
A: horns 2, retaliatory headbutt, cold resistance 1
}: 2/15 runes: serpentine, barnacled
a: Renounce Religion, Heroism, Finesse, Duel


You were on level 5 of the Vaults.
You worshipped Okawaru.
Okawaru was extremely pleased with you.
You visited 9 branches of the dungeon, and saw 43 of its levels.
You visited the Abyss 1 time.
You also visited: Sewer, Gauntlet, Ice Cave and Volcano.

You collected 7400 gold pieces.
You spent 5568 gold pieces at shops.

Inventory:

Hand Weapons
 a - a +6 demon trident of flaming (weapon)
 b - a +2 hand crossbow of electrocution
Missiles
 f - 7 throwing nets (quivered)
 g - 1465 bolts
Armour
 c - a +10 plate armour of fire resistance (worn)
 l - a +2 hat of willpower (worn)
 o - the +2 cloak "Ewocosag" (worn) {rPois}
   (Okawaru gifted it to you on level 4 of the Lair of Beasts)

   rPois:     It protects you from poison.
 u - a +2 pair of gloves of infusion (worn)
 w - the +3 pair of gloves of Vanity {rElec rF- SInv}
   (You bought it in a shop on level 3 of the Depths)

   rF:        It makes you vulnerable to fire.
   rElec:     It insulates you from electricity.
   SInv:      It lets you see invisible.
 B - a +0 pair of boots of flying
 D - a +2 pair of boots of flying (worn)
 T - the +3 warlock's mirror (worn) {reflect}
   (You acquired it on level 2 of the Orcish Mines)

   It can block and reflect piercing ranged attacks and magical attacks against
   the wielder's willpower.
Jewellery
 h - the ring of Koppanoh {rF+ rC+ Stlth+}
   (You found it on level 2 of the Depths)

   [ring of protection from cold]

   rF:        It protects you from fire.
   rC:        It protects you from cold.
   Stlth:     It makes you more stealthy.
 j - the ring of Ijerixo {rF+ rC+ Int+3}
   (You found it on level 2 of the Depths)

   [ring of protection from fire]

   Int:       It affects your intelligence (+3).
   rF:        It protects you from fire.
   rC:        It protects you from cold.
 t - the ring "Fill" {rN++ Dex+6}
   (You found it on level 2 of the Depths)

   [ring of dexterity]

   Dex:       It affects your dexterity (+6).
   rN:        It greatly protects you from negative energy.
 z - a ring of see invisible
 O - a +4 ring of slaying (right hand)
 X - the ring of the Hare (left hand) {EV+8}
   (You took it off a frost giant on level 1 of the Depths)

   [ring of evasion]

   EV:        It affects your evasion (+8).
 Y - an amulet of regeneration (around neck)
Wands
 q - a wand of iceblast (55)
 v - a wand of acid (25)
 A - a wand of flame (44)
 G - a wand of mindburst (38)
 Q - a wand of digging (7)
Scrolls
 p - 23 scrolls of teleportation
 x - a scroll of enchant armour
 E - 4 scrolls of fear
 H - 2 scrolls of holy word
 K - 3 scrolls of silence
 P - 6 scrolls of blinking
 R - 3 scrolls of brand weapon
 W - 10 scrolls of amnesia
 Z - 6 scrolls of fog
Potions
 d - 3 potions of ambrosia
 e - 9 potions of curing
 i - 6 potions of mutation
 k - 2 potions of heal wounds
 m - 6 potions of brilliance
 n - 4 potions of haste
 r - 5 potions of berserk rage
 y - 6 potions of invisibility
 C - 3 potions of resistance
 N - 5 potions of magic
 S - 3 potions of cancellation
 U - 5 potions of might
Miscellaneous
 s - a phial of floods (inert)
 F - a condenser vane (inert)
 I - a lightning rod (4/4)
 V - a tin of tremorstones (2/2)


   Skills:
 * Level 25.2(27) Fighting
 - Level 0.1(5.1) Long Blades
 - Level 14.0(19.0) Polearms
 - Level 10.0(15.0) Crossbows
 + Level 21.4(26.4) Armour
 + Level 19.7(24.7) Dodging
 - Level 7.9(12.9) Stealth
 + Level 18.1(23.1) Shields
 - Level 4.4 Spellcasting
 - Level 4.7 Translocations
 + Level 15.7 Invocations
 + Level 13.4 Evocations


You had 28 spell levels left.
You knew the following spells:

 Your Spells              Type           Power      Damage    Failure   Level
a - Apportation           Tloc           0%         N/A       26%         1
b - Blink                 Tloc           0%         N/A       38%         2

Your spell library contained the following spells:

 Spells                   Type           Power      Damage    Failure   Level
 Beastly Appendage        Tmut           0%         N/A       88%         1
 Foxfire                  Conj/Fire      0%         2x1d4     88%         1
 Slow                     Hex            0%         N/A       88%         1
 Portal Projectile        Hex/Tloc       0%         N/A       91%         3
 Passage of Golubria      Tloc           0%         N/A       95%         4
 Corpse Rot               Necr/Air       0%         N/A       96%         2
 Ensorcelled Hibernation  Hex/Ice        0%         N/A       96%         2
 Passwall                 Tmut/Erth      0%         N/A       96%         2
 Poisonous Vapours        Pois/Air       0%         N/A       96%         2
 Static Discharge         Conj/Air       0%         N/A       96%         2
 Wereblood                Tmut           0%         N/A       96%         2
 Confusing Touch          Hex            0%         N/A       99%         3
 Conjure Flame            Conj/Fire      0%         6-21      99%         3
 Dazzling Flash           Conj/Hex       0%         N/A       99%         3
 Frozen Ramparts          Ice            0%         1d2       99%         3
 Inner Flame              Hex/Fire       0%         N/A       99%         3
 Ozocubu's Armour         Ice            0%         N/A       99%         3
 Spider Form              Tmut/Pois      0%         N/A       99%         3
 Swiftness                Air            0%         N/A       99%         3
 Vampiric Draining        Necr           0%         2d6       99%         3
 Airstrike                Air            0%         N/A       100%        4
 Cause Fear               Hex            0%         N/A       100%        4
 Dispel Undead            Necr           0%         3d6       100%        4
 Flame Wave               Conj/Fire      0%         2d4       100%        4
 Hailstorm                Conj/Ice       0%         3d3       100%        4
 Ice Form                 Ice/Tmut       0%         N/A       100%        4
 Iskenderun's Mystic Bla  Conj/Tloc      0%         2d3       100%        4
 Leda's Liquefaction      Hex/Erth       0%         N/A       100%        4
 Petrify                  Tmut/Erth      0%         N/A       100%        4
 Blade Hands              Tmut           0%         N/A       100%        5
 Borgnjor's Vile Clutch   Necr/Erth      0%         N/A       100%        5
 Excruciating Wounds      Necr           0%         N/A       100%        5
 Fireball                 Conj/Fire      0%         3d3       100%        5
 Freezing Cloud           Conj/Ice/Air   0%         6-21      100%        5
 Iskenderun's Battlesphe  Conj           0%         2d6       100%        5
 Lee's Rapid Deconstruct  Erth           0%         3d5*      100%        5
 Lightning Bolt           Conj/Air       0%         1d11      100%        5
 Manifold Assault         Tloc           0%         N/A       100%        5
 Metabolic Englaciation   Hex/Ice        0%         N/A       100%        5
 Yara's Violent Unravell  Hex/Tmut       0%         3d3       100%        5
 Conjure Ball Lightning   Conj/Air       0%         3x3d6     100%        6
 Eringya's Noxious Bog    Tmut/Pois      0%         N/A       100%        6
 Iron Shot                Conj/Erth      0%         9d1       100%        6
 Starburst                Conj/Fire      0%         6d3       100%        6
 Statue Form              Tmut/Erth      0%         N/A       100%        6
 Orb of Destruction       Conj           0%         9d5       100%        7
 Storm Form               Tmut/Air       0%         N/A       100%        7
 Discord                  Hex            0%         N/A       100%        8
 Maxwell's Capacitive Co  Air            0%         ∞         100%        8
 Chain Lightning          Conj/Air       0%         N/A       100%        9
 Fire Storm               Conj/Fire      0%         5d1       100%        9
 Shatter                  Erth           0%         3d5*      100%        9
 Animate Skeleton         Necr           Unusable   N/A       N/A         1
 Summon Small Mammal      Summ           Unusable   N/A       N/A         1
 Call Canine Familiar     Summ           Unusable   N/A       N/A         3
 Summon Guardian Golem    Hex/Summ       Unusable   N/A       N/A         3
 Tukima's Dance           Hex            Unusable   N/A       N/A         3
 Animate Armour           Summ/Erth      Unusable   N/A       N/A         4
 Animate Dead             Necr           Unusable   N/A       N/A         4
 Summon Ice Beast         Ice/Summ       Unusable   N/A       N/A         4
 Summon Lightning Spire   Summ/Air       Unusable   N/A       N/A         4
 Death Channel            Necr           Unusable   N/A       N/A         6

Dungeon Overview and Level Annotations

Branches:
Dungeon (15/15)            Temple (1/1) D:6            Lair (6/6) D:10
 Shoals (4/4) Lair:4        Snake (4/4) Lair:4        Slime (0/5) Lair:5
    Orc (2/2) D:10            Elf (3/3) Orc:2        Vaults (5/5) D:13
  Crypt (0/3) Vaults:2     Depths (3/4) D:15          Sewer (visited)
  IceCv (visited)         Volcano (visited)         Gauntlet (visited)

Altars:
Ashenzari
Cheibriados
Dithmenos
Elyvilon
Fedhas
Gozag
Hepliaklqana
Kikubaaqudgha
Makhleb
Nemelex Xobeh
Okawaru
Qazlal
Ru
Sif Muna
Trog
Uskayaw
Vehumet
Wu Jian
Xom
Yredelemnul
Zin
The Shining One
Beogh

Shops:
D:4 [*=   D:7 =   D:8 :   D:15 [   Orc:2 ?(([?   Elf:1 *   Elf:2 *   Shoals:1 *
Snake:1 (   Snake:2 =:=   Vaults:1 [?   Depths:1 (   Depths:2 ?
Depths:3 *[?[!

Portals:
Hell: Depths:1 Depths:2 Depths:3
Abyss: Depths:3
Pandemonium: Depths:2
Ziggurat: Depths:2

Annotations:
Lair:4 exclusion: 3 oklob plants
Vaults:3 Mennas


Innate Abilities, Weirdness & Mutations

You have a pair of horns on your head.
You reflexively headbutt those who attack you in melee.
Your flesh is cold resistant. (rC+)


Message History

The shadow dragon is heavily wounded.
The quicksilver ooze completely misses you.
You block the quicksilver ooze's attack.
The deep troll earth mage gestures next to you while chanting.
The metal wall shatters!
The blast of metal fragments hits the stone giant.
The blast of metal fragments hits the shadow dragon!!!
The blast of metal fragments hits the quicksilver ooze!!
The blast of metal fragments hits you.
* * * LOW HITPOINT WARNING * * *
You hear a shout!
You barely miss the shadow dragon. You headbutt the shadow dragon!
The shadow dragon is severely wounded.
The shadow dragon completely misses you.
The shadow dragon barely misses you. The shadow dragon claws you.
* * * LOW HITPOINT WARNING * * *
You hit the shadow dragon. You burn the shadow dragon.
The shadow dragon is severely wounded.
The quicksilver ooze completely misses you.
You furiously retaliate!
You headbutt the quicksilver ooze!
The quicksilver ooze completely misses you.
The deep troll earth mage points next to you and mumbles some strange words.
The metal wall shatters!
The blast of metal fragments hits the stone giant.
The blast of metal fragments hits the quicksilver ooze!!
The quicksilver ooze dies!
The blast of metal fragments hits you but does no damage.
You closely miss the shadow dragon. You headbutt the shadow dragon!
The shadow dragon is severely wounded.
You block the vault guard's attack. The shadow dragon closely misses you.
You block the shadow dragon's attack. The shadow dragon closely misses you.
You impale the shadow dragon!! You burn the shadow dragon.
The shadow dragon is almost dead.
You puncture the shadow dragon! You burn the shadow dragon.
You kill the shadow dragon!
Okawaru accepts your kill.
The yaktaur shoots a bolt.
The bolt hits you!!
* * * LOW HITPOINT WARNING * * *
The shadow dragon bites you!
You die...

......[[
#####################e..
........DCD.p.cD.5..T...
.###.#p#.###.#.#.###5#.
[..#C#..(..#)#..Q..#.
#.#.###.#9#.###.#.#.###.#.
....T.C.)c..T........ ..#.
##.#.#p###c#.#.###.# #.#.
#CD@)c# #.. ..# #.#.
#≈###p# #.# #.# #.#. .≈..
.. ... ..# ###.#. ## #. .#
L.#.# #.# # C.. #.#


You could see a shadow dragon (unsilenced, waterlogged), a stone giant
(waterlogged), a vault warden (waterlogged), a vault guard, an ettin, a deep
troll earth mage and 2 yaktaurs.

Vanquished Creatures
  2 juggernauts (Depths:3)
  Sojobo (Arena)
  Vashnia (Snake:2)
  Frederick (Depths:3)
  Saint Roka (Depths:2)
  2 golden dragons
  Jorgrun (Orc:1)
  2 tentacled monstrosities (Depths:3)
  The ghost of Kaobra the Tortoise, an adept GnWz of Ashenzari (Elf:2)
  5 liches
  A walking crystal tome (Depths:3)
  Rupert (D:13)
  A walking divine tome (Depths:2)
  3 quicksilver dragons (Depths:2)
  A titan (Vaults:1)
  A walking frostbound tome (Depths:3)
  3 deep elf master archers (Elf:3)
  3 deep elf blademasters
  Polyphemus (Shoals:3)
  6 krakens
  2 tentacled starspawn (Abyss:3)
  7 sphinxes
  12 tengu reavers
  4 storm dragons
  4 shadow dragons
  Ilsuiw (Shoals:4)
  A revenant (Vaults:2)
  12 frost giants
  5 nagarajas
  13 fire giants
  7 deep elf sorcerers
  2 iron dragons
  15 vault wardens
  18 ironbound preservers
  Aizul (Shoals:4)
  2 orc warlords (Vaults:4)
  A balrug (Depths:1)
  Louise (Shoals:3)
  4 deep elf elementalists
  20 very ugly things
  2 spriggan defenders (Depths:3)
  2 war gargoyles
  The ghost of SHADDY the Transmogrifier, a journeyman OpTm of Cheibriados (D:13)
  A quicksilver ooze (Gauntlet)
  9 ironbound thunderhulks
  11 stone giants
  4 vampire knights
  An ophan (Abyss:3)
  Nessos (D:14)
  2 entropy weavers
  9 deep elf annihilators
  10 deep elf demonologists
  A minotaur (Gauntlet)
  3 spark wasps
  10 dire elephants
  10 deep elf death magi
  15 ettins
  12 merfolk impalers
  9 merfolk javelineers
  9 deep elf high priests
  13 yaktaur captains
  4 fire dragons
  6 great orbs of eyes
  An ice dragon (shapeshifter) (Elf:2)
  4 rakshasas
  31 vault guards
  7 boulder beetles
  13 naga warriors
  4 ice dragons
  A hell beast (Gauntlet)
  2 peacekeepers
  3 salamander tyrants
  11 hydras
  A boulder beetle (shapeshifter) (Depths:2)
  5 spriggan air magi
  14 ironbound frosthearts
  A death knight (D:13)
  6 merfolk avatars
  5 two-headed ogres
  An alligator snapping turtle (Shoals:2)
  16 centaur warriors
  3 catoblepae
  13 merfolk aquamancers
  5 death yaks
  9 deep troll shamans
  6 satyrs
  15 naga sharpshooters
  5 anacondas
  4 spriggan berserkers
  2 orc high priests
  3 vampire magi
  A shock serpent (shapeshifter) (Depths:1)
  8 deep troll earth magi
  35 dancing weapons
  Urug (D:13)
  A tengu warrior (Depths:1)
  5 hell knights
  4 shock serpents
  23 deep elf knights
  4 large abominations (Abyss:3)
  A salamander mystic (Snake:4)
  A sun demon (Depths:1)
  11 iron trolls
  A sixfirhy (Abyss:3)
  A death drake (Abyss:3)
  A tengu zombie (Vaults:4)
  66 deep trolls
  A spatial maelstrom (Abyss:3)
  13 sea snakes
  2 glowing orange brains
  A flayed ghost (Depths:1)
  17 deep elf archers
  10 orc knights
  8 lindwurms
  28 harpies
  44 deep elf pyromancers
  2 phantasmal warriors (Vaults:3)
  12 ironbound convokers
  An obsidian statue (Elf:2)
  9 mana vipers
  A harpy (shapeshifter) (Elf:3)
  10 naga ritualists
  A spectral wolf spider (D:13)
  20 deep elf zephyrmancers
  9 necromancers
  7 wizards
  A human zombie (Vaults:4)
  29 fauns
  A stone giant zombie (Vaults:4)
  A mana viper (shapeshifter) (Depths:3)
  7 cyclopes
  A moth of wrath (shapeshifter) (Depths:2)
  34 ugly things
  6 orc sorcerers
  20 manticores
  4 guardian serpents
  14 salamanders
  17 merfolk sirens
  32 black mambas
  A spectral centaur (D:13)
  2 elephants (shapeshifter)
  19 vault sentinels
  12 water nymphs
  An eye of devastation (shapeshifter) (Depths:3)
  4 gargoyles
  Joseph (D:10)
  A smoke demon (Depths:1)
  A human skeleton (Vaults:4)
  An ice statue (IceCv)
  6 cane toads
  A cane toad (shapeshifter) (D:13)
  14 naga magi
  6 torpor snails
  A molten gargoyle (Lair:6)
  An orange demon (Abyss:3)
  An unseen horror (D:11)
  2 demonic crawlers (Abyss:3)
  An efreet (D:12)
  28 yaktaurs
  4 rime drakes
  10 komodo dragons
  3 tengu conjurers
  2 anaconda simulacra (IceCv)
  9 ice devils (IceCv)
  5 freezing wraiths
  3 entropy weaver simulacra (IceCv)
  A hellwing (Abyss:3)
  A polar bear (Lair:5)
  4 ancient zymes (Abyss:3)
  40 merfolk
  8 trolls
  3 tyrant leeches (Lair:6)
  8 wind drakes
  A tarantella (Vaults:2)
  A wolf spider simulacrum (D:13)
  11 hornets
  Grinder (D:3)
  A tarantella (shapeshifter) (D:13)
  18 blink frogs
  4 raiju (Abyss:3)
  20 dream sheep
  19 slime creatures
  A spectral meliai (D:13)
  6 snapping turtles
  A culicivora (shapeshifter) (Elf:2)
  A flying skull (Abyss:3)
  3 shadows
  2 air elementals
  3 spriggans
  2 wraiths
  27 water elementals
  5 centaur simulacra
  2 dire elephant simulacra (IceCv)
  An ettin skeleton (Vaults:1)
  8 fire elementals
  2 ynoxinuls (Abyss:3)
  38 yaks
  A spriggan (shapeshifter) (Depths:3)
  6 wyverns
  An elf simulacrum (Vaults:4)
  3 death yak simulacra (IceCv)
  3 neqoxecs (Abyss:3)
  5 fire bats (Lair:6)
  A chaos spawn (Abyss:3)
  10 vampire mosquitoes
  2 basilisks
  A human simulacrum (Vaults:1)
  2 steam dragons
  45 nagas
  5 wargs
  3 acid dragons
  2 harpy simulacra (IceCv)
  14 water moccasins
  7 hell hounds
  2 floating eyes (Depths:2)
  A black bear (shapeshifter) (Vaults:2)
  33 orc warriors
  An ice beast (D:12)
  A sky beast (D:6)
  3 necrophages
  2 ettin simulacra
  3 boggarts (Vaults:3)
  12 centaurs
  3 black bears
  13 ogres
  A small abomination (Abyss:3)
  54 wolves
  2 kobold brigands (D:7)
  11 bullfrogs
  3 gnoll sergeants (D:7)
  3 scorpions (D:5)
  A wyvern zombie (D:8)
  3 cane toad simulacra (IceCv)
  6 earth elementals
  2 wyvern skeletons
  5 elephant simulacra (IceCv)
  7 killer bees
  3 wights (D:8)
  3 howler monkeys
  4 electric eels
  A bullfrog zombie (D:3)
  8 starcursed masses (Abyss:3)
  7 centaur zombies
  An iron imp (Abyss:3)
  2 centaur skeletons (D:6)
  3 gnoll shamans
  16 orc priests
  9 hounds
  15 jellies
  A bullfrog skeleton (D:5)
  5 hell rats (Lair:4)
  2 iguanas
  23 orc wizards
  3 polar bear simulacra (IceCv)
  A troll simulacrum (IceCv)
  6 wolf simulacra (IceCv)
  2 howler monkey zombies
  31 gnolls
  9 adders
  4 naga simulacra (IceCv)
  5 river rats
  A white imp (D:12)
  5 ufetubi
  A dart slug (D:1)
  83 orcs
  11 ball pythons
  7 endoplasms
  3 giant cockroaches
  4 hobgoblins
  18 jackals
  16 kobolds
  3 quokkas
  14 bats
  5 frilled lizards
  7 goblins
  17 rats
  10 tentacles
2068 creatures vanquished.

Vanquished Creatures (others)
  A lich (Depths:3)
  A fire giant (Depths:3)
  A quicksilver ooze (shapeshifter) (Vaults:5)
  A vault guard (Vaults:5)
  A merfolk aquamancer (Shoals:4)
  A salamander mystic (Snake:4)
  A wizard (Vaults:4)
  A naga mage (Snake:4)
  A naga (Snake:3)
  A water moccasin (Lair:6)
  An orc (Depths:2)
  3 demonic plants (Gauntlet)
  32 fungi
  102 plants
  7 starspawn tentacles (Abyss:3)
  46 tentacles
201 creatures vanquished.

Grand Total: 2269 creatures vanquished

Notes
Turn   | Place    | Note
-------+----------+-------------------------------------------
     0 | D:1      | raph the Minotaur Fighter began the quest for the Orb.
     0 | D:1      | Reached XP level 1. HP: 19/19 MP: 0/0
    72 | D:1      | Reached XP level 2. HP: 27/27 MP: 1/1
   392 | D:1      | Found a faded altar of an unknown god.
   493 | D:1      | Reached XP level 3. HP: 33/33 MP: 2/2
   509 | D:1      | Reached skill level 4 in Fighting
   893 | D:2      | Identified the +11 long sword of the Screaming Big Fish
                  | {vorpal, Str+6}
  1292 | D:3      | Noticed Grinder
  1611 | D:3      | Paralysed by Grinder for 7 turns
  1770 | D:3      | Killed Grinder
  1771 | D:3      | Reached XP level 4. HP: 26/40 MP: 3/3
  1771 | D:3      | Reached XP level 5. HP: 30/46 MP: 4/4
  1970 | D:3      | Reached XP level 6. HP: 40/52 MP: 5/5
  2866 | D:4      | Reached XP level 7. HP: 28/59 MP: 6/6
  3048 | D:4      | Found a glowing drain.
  3082 | Sewer    | Entered a sewer
  3675 | D:4      | Identified the +8 scimitar of Bread {freeze, rElec}
  3866 | D:4      | Found Teenemus's Assorted Antiques.
  3869 | D:4      | Bought a scroll of identify for 44 gold pieces
  3869 | D:4      | Bought a potion of curing for 66 gold pieces
  3873 | D:4      | Found Conoirey's Jewellery Shop.
  4025 | D:4      | Found Zaoddumycaa's Armour Shop.
  4032 | D:4      | Bought a +0 pair of boots for 63 gold pieces
  4306 | D:4      | Reached skill level 10 in Polearms
  4359 | D:5      | Entered Level 5 of the Dungeon
  4545 | D:5      | Reached XP level 8. HP: 63/66 MP: 7/7
  4640 | D:5      | Reached skill level 1 in Dodging
  4693 | D:5      | Found the +7 Singing Sword {vorpal, sonic wave}
  5420 | D:6      | Found a staircase to the Ecumenical Temple.
  5430 | Temple   | Entered the Ecumenical Temple
  5499 | Temple   | Became a worshipper of Warmaster Okawaru
  5544 | D:6      | Found a basalt altar of Yredelemnul.
  5544 | D:6      | Found a sparkling altar of Nemelex Xobeh.
  5577 | D:6      | Reached skill level 5 in Fighting
  5640 | D:6      | Found a bloodstained altar of Trog.
  5830 | D:6      | Reached skill level 5 in Armour
  6046 | D:7      | Noticed a seven-headed hydra
  6138 | D:6      | Reached * piety under Okawaru
  6319 | D:7      | Reached XP level 9. HP: 74/74 MP: 8/8
  6539 | D:7      | Reached ** piety under Okawaru
  6540 | D:7      | Reached skill level 6 in Fighting
  7236 | D:8      | Found a hide-covered altar of Uskayaw.
  7236 | D:8      | Found a sacrificial altar of Ru.
  7512 | D:8      | Found Otu Ish's Book Shoppe.
  7821 | D:9      | Noticed a centaur warrior
  7824 | D:9      | Reached *** piety under Okawaru
  7827 | D:9      | Reached skill level 7 in Fighting
  7830 | D:9      | Reached skill level 5 in Dodging
  7834 | D:9      | Reached XP level 10. HP: 76/86 MP: 9/9
  7847 | D:9      | Killed a centaur warrior
  7847 | D:9      | Reached **** piety under Okawaru
  8108 | D:9      | Found a shadowy altar of Dithmenos.
  8111 | D:9      | Found a glowing golden altar of the Shining One.
  8670 | D:9      | Reached skill level 8 in Fighting
  8778 | D:9      | Found a snail-covered altar of Cheibriados.
  8800 | D:9      | Found a shimmering altar of Xom.
  8842 | D:10     | Entered Level 10 of the Dungeon
  9032 | D:10     | Found a staircase to the Lair.
  9205 | D:10     | Noticed Joseph
  9216 | D:10     | Killed Joseph
  9339 | D:10     | Reached skill level 9 in Fighting
  9346 | D:10     | Reached ***** piety under Okawaru
  9362 | D:10     | Reached XP level 11. HP: 80/97 MP: 10/10
  9368 | D:10     | Identified the +4 buckler of Hasicuga {rN+ Str+4 Stlth-}
                  | (Okawaru gifted it to you on level 10 of the Dungeon)
  9368 | D:10     | Received a gift from Okawaru
  9442 | D:10     | Found a staircase to the Orcish Mines.
  9475 | D:10     | Noticed a two-headed ogre
  9483 | D:10     | Killed a two-headed ogre
 10059 | D:7      | Killed a seven-headed hydra
 10060 | D:7      | Reached skill level 1 in Invocations
 10533 | D:7      | Found Cunuiw's Jewellery Shop.
 10987 | Lair:1   | Entered Level 1 of the Lair of Beasts
 11321 | Lair:1   | Reached skill level 10 in Fighting
 11321 | Lair:1   | Reached skill level 10 in Armour
 11385 | Lair:1   | Noticed a five-headed hydra
 11395 | Lair:1   | Killed a five-headed hydra
 11396 | Lair:1   | Reached skill level 1 in Crossbows
 11803 | Lair:1   | Noticed a seven-headed hydra
 11812 | Lair:1   | Killed a seven-headed hydra
 11930 | Lair:1   | Reached skill level 5 in Invocations
 12728 | Lair:2   | Received a gift from Okawaru
 12729 | Lair:2   | Reached XP level 12. HP: 97/108 MP: 15/15
 12899 | Lair:2   | Noticed a death yak
 12909 | Lair:2   | Killed a death yak
 13117 | Lair:2   | Identified the ring "Pivy" {*Slow rN++ Slay+4}
 13561 | Lair:3   | Reached skill level 11 in Fighting
 14054 | Lair:3   | Found a gate leading to a gauntlet.
 14061 | Gauntlet | Entered a Gauntlet
 14061 | Gauntlet | Found a transporter.
 14122 | Gauntlet | Found a transporter.
 14125 | Gauntlet | Found a transporter.
 14126 | Gauntlet | Found a transporter.
 14129 | Gauntlet | Found a transporter.
 14130 | Gauntlet | Found a transporter.
 14135 | Gauntlet | Noticed a balrug
 14138 | Gauntlet | Found a transporter.
 14144 | Gauntlet | Found a transporter.
 14153 | Gauntlet | Noticed a quicksilver ooze
 14160 | Gauntlet | Found a transporter.
 14174 | Gauntlet | Found a transporter.
 14178 | Gauntlet | Found a transporter.
 14178 | Gauntlet | Noticed a hell beast
 14186 | Gauntlet | Found a transporter.
 14205 | Gauntlet | Found a runed translucent door.
 14426 | Gauntlet | Killed a hell beast
 14427 | Gauntlet | Reached skill level 5 in Crossbows
 14436 | Gauntlet | Identified the +0 pair of boots "Kuydax" {Rampage rPois rC-
                  | Regen+ Int+4}
 14466 | Gauntlet | Killed a quicksilver ooze
 14466 | Gauntlet | Received a gift from Okawaru
 14725 | Gauntlet | Identified the +12 mace of Cheese {flame, Will+ Int+2}
 14725 | Gauntlet | Noticed a minotaur
 14739 | Gauntlet | Killed a minotaur
 15023 | Lair:3   | Identified the ring of Zin's Outrage {Wiz rElec Str+3
                  | Int+4}
 15099 | Lair:3   | Reached skill level 10 in Dodging
 15221 | Lair:3   | Noticed a four-headed hydra
 15221 | Lair:3   | Noticed an eight-headed hydra
 15232 | Lair:3   | Killed an eight-headed hydra
 15237 | Lair:3   | Killed a four-headed hydra
 15238 | Lair:3   | Reached XP level 13. HP: 83/117 MP: 13/18
 15912 | Lair:4   | Found a staircase to the Snake Pit.
 16240 | Lair:4   | You fall into a shaft and drop 2 floors!
 16240 | Lair:6   | Entered Level 6 of the Lair of Beasts
 16419 | Lair:5   | Received a gift from Okawaru
 16454 | Lair:5   | Reached skill level 12 in Fighting
 17168 | Lair:4   | Found a staircase to the Shoals.
 17213 | Lair:4   | Identified the +2 cloak "Ewocosag" {rPois} (Okawaru gifted
                  | it to you on level 4 of the Lair of Beasts)
 17213 | Lair:4   | Received a gift from Okawaru
 17276 | Lair:4   | Found the +8 Wrath of Trog {antimagic, *Rage Rampage}
 17961 | Lair:5   | Found a staircase to the Slime Pits.
 18566 | Lair:5   | Reached ****** piety under Okawaru
 18769 | Lair:6   | Reached skill level 10 in Invocations
 19004 | Lair:6   | Received a gift from Okawaru
 19369 | Lair:6   | Found a runed translucent door.
 19501 | Lair:6   | Received a gift from Okawaru
 19667 | Lair:6   | Reached XP level 14. HP: 127/127 MP: 20/20
 19993 | Lair:6   | Reached skill level 13 in Fighting
 20354 | Lair:6   | Received a gift from Okawaru
 20665 | Orc:1    | Entered Level 1 of the Orcish Mines
 21137 | Orc:1    | Received a gift from Okawaru
 21194 | Orc:1    | Noticed Jorgrun
 21216 | Orc:1    | Killed Jorgrun
 21625 | Orc:2    | Entered Level 2 of the Orcish Mines
 21771 | Orc:2    | Found a staircase to the Elven Halls.
 21783 | Orc:2    | Found Qoyghell's Magic Scroll Shop.
 21856 | Orc:2    | Bought a scroll of enchant weapon for 82 gold pieces
 21856 | Orc:2    | Bought a scroll of fear for 38 gold pieces
 21856 | Orc:2    | Bought a scroll of fear for 38 gold pieces
 22065 | Orc:2    | Found Sotehusm's Magic Scroll Boutique.
 22068 | Orc:2    | Found a dark tunnel.
 22077 | Volcano  | Entered a volcano
 22137 | Volcano  | Received a gift from Okawaru
 22241 | Volcano  | Received a gift from Okawaru
 22432 | Orc:2    | Bought 3 scrolls of enchant armour for 247 gold pieces
 22681 | Orc:2    | Gained mutation: Your flesh is cold resistant. (rC+) [a
                  | neqoxec]
 22731 | Orc:2    | Noticed an orc warlord
 23322 | Orc:2    | Found Weac's Antique Armour Emporium.
 23325 | Orc:2    | Found Micibuli's Antique Weapon Shoppe.
 23379 | Orc:2    | Bought a scroll of acquirement for 832 gold pieces
 23379 | Orc:2    | Bought a scroll of enchant weapon for 120 gold pieces
 23379 | Orc:2    | Bought a scroll of enchant weapon for 120 gold pieces
 23379 | Orc:2    | Bought a scroll of enchant weapon for 120 gold pieces
 23380 | Orc:2    | Acquired the +3 warlock's mirror {reflect}
 23380 | Orc:2    | Found the +3 warlock's mirror {reflect}
 23579 | Orc:2    | Received a gift from Okawaru
 23710 | Orc:2    | Found Fosauwyl's Antique Weapon Shop.
 23726 | Orc:2    | Bought a runed hand crossbow for 182 gold pieces
 24014 | D:11     | Identified the +0 chain mail "Ecudoer" {rElec Will+}
                  | (Okawaru gifted it to you on level 11 of the Dungeon)
 24014 | D:11     | Received a gift from Okawaru
 24529 | D:12     | Reached skill level 5 in Shields
 24603 | D:12     | Found a frozen archway.
 24625 | IceCv    | Entered an ice cave
 24817 | IceCv    | Reached XP level 15. HP: 137/137 MP: 23/23
 24833 | IceCv    | Reached skill level 1 in Evocations
 24919 | IceCv    | Found an ancient bone altar of Kikubaaqudgha.
 25204 | IceCv    | Got the Catalogue of Snow
 25422 | IceCv    | Reached skill level 14 in Fighting
 25620 | D:12     | You fall into a shaft and drop 3 floors!
 25620 | D:15     | Entered Level 15 of the Dungeon
 25836 | D:14     | Noticed Nessos
 25839 | D:14     | Killed Nessos
 26254 | D:13     | Noticed Urug
 26266 | D:13     | Killed Urug
 26346 | D:13     | Found a runed translucent gate.
 26347 | D:13     | Found a runed translucent gate.
 26356 | D:13     | Found a runed translucent gate.
 26609 | D:13     | Received a gift from Okawaru
 27521 | D:13     | Found a gate to the Vaults.
 27687 | D:13     | Noticed Rupert
 27690 | D:13     | Reached skill level 10 in Crossbows
 27705 | D:13     | Killed Rupert
 27886 | D:13     | Noticed SHADDY's ghost (journeyman OpTm)
 28232 | D:15     | Identified the +4 hand crossbow "Naggy" {flame, rF++ rC-}
                  | (Okawaru gifted it to you on level 15 of the Dungeon)
 28232 | D:15     | Received a gift from Okawaru
 28339 | D:15     | Found a staircase to the Depths.
 28600 | D:15     | Found Papifeh's Armour Boutique.
 28995 | Shoals:1 | Entered Level 1 of the Shoals
 29005 | Shoals:1 | Learned a level 1 spell: Apportation
 29008 | Shoals:1 | Learned a level 2 spell: Blink
 29109 | Shoals:1 | Found Hootty's CLEARANCE SALE!.
 29195 | Shoals:1 | Reached skill level 1 in Stealth
 29240 | Shoals:1 | Received a gift from Okawaru
 29327 | Shoals:1 | Reached skill level 1 in Translocations
 29327 | Shoals:1 | Reached XP level 16. HP: 106/147 MP: 24/24
 29419 | Shoals:1 | Reached skill level 1 in Spellcasting
 29771 | Shoals:1 | Reached skill level 15 in Armour
 29840 | Shoals:1 | Noticed a kraken
 29864 | Shoals:1 | Noticed a kraken
 29865 | Shoals:1 | Killed a kraken
 29869 | Shoals:1 | Noticed a kraken
 29874 | Shoals:1 | Found a runed translucent door.
 30039 | Shoals:1 | Reached skill level 15 in Fighting
 30112 | Shoals:1 | Killed a kraken
 30387 | Shoals:1 | Noticed a kraken
 30405 | Shoals:1 | HP: 2/149 [kraken (11)]
 30413 | Shoals:1 | Killed a kraken
 30866 | Shoals:1 | Reached skill level 5 in Evocations
 30913 | Shoals:1 | Killed a kraken
 31120 | Shoals:1 | Identified the +0 kite shield of the Pits of Slime {Stlth+}
 31433 | Shoals:2 | Received a gift from Okawaru
 31714 | Shoals:2 | Noticed a kraken
 31745 | Shoals:2 | Killed a kraken
 32816 | Shoals:3 | Noticed Polyphemus
 33284 | Shoals:3 | Noticed a kraken
 33314 | Shoals:3 | Killed a kraken
 33385 | Shoals:3 | Reached XP level 17. HP: 156/156 MP: 25/25
 33550 | Shoals:3 | Killed Polyphemus
 33655 | Shoals:3 | Received a gift from Okawaru
 33793 | Shoals:3 | Noticed Louise
 33842 | Shoals:3 | Killed Louise
 34098 | Shoals:3 | Identified the +6 triple crossbow "Fyladdo" {elec, rN+
                  | Str+5 Dex-4} (Okawaru gifted it to you on level 3 of the
                  | Shoals)
 34098 | Shoals:3 | Received a gift from Okawaru
 34660 | Shoals:4 | Entered Level 4 of the Shoals
 34807 | Shoals:4 | Noticed Ilsuiw
 34839 | Shoals:4 | Killed Ilsuiw
 35250 | Shoals:4 | Reached skill level 10 in Shields
 35269 | Shoals:4 | Noticed Aizul
 35285 | Shoals:4 | Killed Aizul
 35354 | Shoals:4 | Reached skill level 5 in Stealth
 35584 | Shoals:4 | Reached skill level 16 in Fighting
 35608 | Shoals:4 | Identified the +7 bardiche "Kotomom" {flame, Fragile Dex+5}
                  | (Okawaru gifted it to you on level 4 of the Shoals)
 35608 | Shoals:4 | Received a gift from Okawaru
 36384 | Shoals:4 | Got a barnacled rune of Zot
 36796 | Shoals:4 | Received a gift from Okawaru
 37730 | D:13     | Reached XP level 18. HP: 166/166 MP: 26/26
 37749 | D:13     | Killed SHADDY's ghost
 37940 | Snake:1  | Entered Level 1 of the Snake Pit
 38162 | Snake:1  | Found a sacrificial altar of Ru.
 38965 | Snake:1  | Found Ukkelubi's Antique Weapon Boutique.
 39178 | Snake:2  | Noticed Vashnia
 39528 | Snake:2  | Reached skill level 15 in Dodging
 39703 | Snake:2  | Killed Vashnia
 39946 | Snake:2  | Found a snail-covered altar of Cheibriados.
 40147 | Snake:2  | Reached skill level 17 in Fighting
 40248 | Snake:2  | Found Higam's Jewellery Boutique.
 40248 | Snake:2  | Found Pitunt's Book Shoppe.
 40249 | Snake:2  | Found Haapton's Jewellery Boutique.
 40514 | Snake:3  | Received a gift from Okawaru
 42161 | Snake:4  | Entered Level 4 of the Snake Pit
 42733 | Snake:4  | Received a gift from Okawaru
 43199 | Snake:4  | Reached skill level 18 in Fighting
 43242 | Snake:4  | Received a gift from Okawaru
 43243 | Snake:4  | Reached XP level 19. HP: 135/179 MP: 27/27
 43425 | Snake:4  | Got a serpentine rune of Zot
 43866 | Vaults:1 | Entered Level 1 of the Vaults
 46133 | Vaults:1 | Reached skill level 19 in Fighting
 46260 | Vaults:1 | Received a gift from Okawaru
 46299 | Vaults:1 | Found Ubeet's Magic Scroll Shop.
 46312 | Vaults:1 | Bought a scroll of enchant weapon for 120 gold pieces
 46312 | Vaults:1 | Bought a scroll of blinking for 120 gold pieces
 46312 | Vaults:1 | Bought a scroll of blinking for 120 gold pieces
 46315 | Vaults:1 | Found Vidaxes's Armour Shoppe.
 46378 | Vaults:1 | Bought the +2 hat of the Bear Spirit {Spirit, *Rage Will++}
                  | for 380 gold pieces
 46378 | Vaults:1 | Found the +2 hat of the Bear Spirit {Spirit, *Rage Will++}
 46378 | Vaults:1 | Bought a +2 pair of gloves of infusion for 279 gold pieces
 46806 | Vaults:2 | Received a gift from Okawaru
 46996 | Vaults:2 | Received a gift from Okawaru
 47197 | Vaults:2 | Received a gift from Okawaru
 47361 | Vaults:2 | Found a transporter.
 47365 | Vaults:2 | Found a transporter.
 47380 | Vaults:2 | Found a transporter.
 47381 | Vaults:2 | Identified the ring of Zic Ixki {Fly rPois rF- Dex+6
                  | Stlth+}
 47398 | Vaults:2 | Found a transporter.
 47398 | Vaults:2 | Found a transporter.
 47596 | Vaults:1 | Reached XP level 20. HP: 183/185 MP: 24/28
 47783 | Vaults:2 | Found a staircase to the Crypt.
 47802 | Vaults:2 | Received a gift from Okawaru
 48494 | Vaults:2 | Reached skill level 20 in Fighting
 49039 | Vaults:2 | Reached skill level 10 in Evocations
 49423 | Arena    | Entered the Arena
 50805 | Vaults:3 | Received a gift from Okawaru
 51309 | Vaults:3 | Noticed Mennas
 51796 | Vaults:4 | Received a gift from Okawaru
 52001 | Vaults:4 | Reached skill level 21 in Fighting
 52633 | Vaults:4 | Identified the +2 robe "Bywk" {rElec Str-4 Int+4} (Okawaru
                  | gifted it to you on level 4 of the Vaults)
 52633 | Vaults:4 | Received a gift from Okawaru
 52640 | Vaults:4 | Reached XP level 21. HP: 204/204 MP: 18/29
 54159 | Depths:1 | Entered Level 1 of the Depths
 54626 | Elf:1    | Entered Level 1 of the Elven Halls
 54626 | Elf:1    | Found a runed translucent gate.
 54626 | Elf:1    | Found a runed translucent gate.
 54626 | Elf:1    | Found a runed translucent gate.
 54626 | Elf:1    | Found a runed translucent gate.
 54626 | Elf:1    | Found a runed translucent gate.
 54626 | Elf:1    | Found a runed translucent gate.
 54627 | Elf:1    | Found a runed translucent door.
 54647 | Elf:1    | Found a runed translucent door.
 55132 | Elf:1    | Found a radiant altar of Vehumet.
 55133 | Elf:1    | Found Nomunonk's Gadget Gallery.
 55154 | Elf:1    | Bought a wand of iceblast (3) for 126 gold pieces
 55154 | Elf:1    | Bought a condenser vane for 720 gold pieces
 56378 | Elf:1    | Found a shimmering blue altar of Sif Muna.
 56420 | Elf:2    | Received a gift from Okawaru
 56722 | Elf:2    | Reached skill level 22 in Fighting
 56729 | Elf:2    | Received a gift from Okawaru
 56760 | Elf:2    | Found a huge runed translucent gate.
 56761 | Elf:2    | Found a huge runed translucent gate.
 56763 | Elf:2    | Found a huge runed translucent gate.
 56764 | Elf:2    | Found a huge runed translucent gate.
 56765 | Elf:2    | Found a huge runed translucent gate.
 57280 | Elf:2    | Got the Volume of Transmigration
 57496 | Elf:2    | Found a runed translucent gate.
 57496 | Elf:2    | Found a runed translucent gate.
 57496 | Elf:2    | Found a runed translucent gate.
 57595 | Elf:2    | Found an opulent altar of Gozag.
 57597 | Elf:2    | Noticed Kaobra's ghost (adept GnWz)
 57598 | Elf:2    | Found Kun Osic's Assorted Antiques.
 57645 | Elf:2    | Killed Kaobra's ghost
 57798 | Elf:2    | Bought a potion of haste for 440 gold pieces
 57832 | Elf:3    | Entered Level 3 of the Elven Halls
 58344 | Elf:3    | Identified the +8 arbalest of Transparent Conscience {elec,
                  | rElec Int+5 SInv} (Okawaru gifted it to you on level 3 of
                  | the Elven Halls)
 58344 | Elf:3    | Received a gift from Okawaru
 58675 | Elf:2    | Reached XP level 22. HP: 217/217 MP: 26/31
 59826 | Elf:3    | Identified the amulet "Ruenowill" {Faith rPois}
 59869 | Elf:3    | Identified the +6 plate armour of Acunaxyru {+Blink rElec
                  | rC-} (Okawaru gifted it to you on level 3 of the Elven
                  | Halls)
 59869 | Elf:3    | Received a gift from Okawaru
 60013 | Elf:3    | Identified the +5 plate armour of the Sky {rN+ Dex-3
                  | Slay+3}
 60237 | Elf:3    | Identified the +8 battleaxe "Jiycse" {antimagic, rF+}
 60239 | Elf:3    | Identified the +2 chain mail "Osas" {*Slow rC+++}
 60241 | Elf:3    | Identified the +0 pair of gloves of Padycon {*Corrode rC+++
                  | rN+++ Str+3}
 60648 | Depths:1 | Reached skill level 23 in Fighting
 61052 | Depths:1 | Reached skill level 15 in Shields
 61424 | Depths:1 | Identified the +6 shortbow of Causality {freeze, rC++}
 61431 | Depths:1 | Identified the +0 plate armour "Kasas" {Dex+4}
 61800 | Depths:1 | Found Ysty's Weapon Boutique.
 61897 | Depths:1 | Found a gateway to Hell.
 62629 | Depths:2 | Noticed Sojobo
 62631 | Arena    | Entered the Arena
 62641 | Arena    | Paralysed by an air elemental for 1 turns
 62643 | Arena    | Killed Sojobo
 62658 | Depths:2 | Paralysed by a great orb of eyes for 3 turns
 62672 | Depths:2 | Received a gift from Okawaru
 62677 | Depths:2 | Found a one-way gateway to a ziggurat.
 62810 | Depths:2 | Identified the ring of Koppanoh {rF+ rC+ Stlth+}
 62905 | Depths:2 | Found a transporter.
 63099 | Depths:2 | Found Sapovvue's Magic Scroll Boutique.
 63109 | Depths:2 | Bought a scroll of enchant armour for 165 gold pieces
 63126 | Depths:2 | Found a transporter.
 63179 | Depths:2 | Identified the +11 spear of the Magi {flame, +Blink rN+
                  | Will+ Int-4} (Okawaru gifted it to you on level 2 of the
                  | Depths)
 63179 | Depths:2 | Received a gift from Okawaru
 63180 | Depths:2 | Reached XP level 23. HP: 125/228 MP: 0/33
 63324 | Depths:2 | Identified the ring of Ijerixo {rF+ rC+ Int+3}
 63508 | Depths:2 | Noticed Saint Roka
 63535 | Depths:2 | Killed Saint Roka
 63987 | Depths:2 | Identified the ring "Fill" {rN++ Dex+6}
 64138 | Depths:2 | Reached skill level 24 in Fighting
 64172 | Depths:2 | Reached skill level 15 in Invocations
 64607 | Depths:2 | Received a gift from Okawaru
 64762 | Depths:2 | Found a one-way gate leading to the halls of Pandemonium.
 64889 | Depths:3 | Received a gift from Okawaru
 65440 | Depths:3 | Received a gift from Okawaru
 65707 | Depths:3 | Identified the +5 trident of Okawaru's Condemnation {speed,
                  | Int+2} (Okawaru gifted it to you on level 3 of the Depths)
 65707 | Depths:3 | Received a gift from Okawaru
 65730 | Depths:3 | Found Xudder's Demolitions Depot.
 65849 | Depths:3 | Found Poliluus's Magic Scroll Shop.
 65849 | Depths:3 | Found Xeqo's Antique Armour Shop.
 65854 | Depths:3 | Found Jenuv's Antique Armour Shop.
 66523 | Depths:3 | Noticed a juggernaut
 66546 | Depths:3 | Killed a juggernaut
 66656 | Depths:3 | Noticed Frederick
 66677 | Depths:3 | Killed Frederick
 67016 | Depths:3 | Noticed a juggernaut
 67036 | Depths:3 | Killed a juggernaut
 67529 | Depths:3 | Bought a pair of fine gloves for 389 gold pieces
 67529 | Depths:3 | Identified the +3 pair of gloves of Vanity {rElec rF- SInv}
                  | (You bought it in a shop on level 3 of the Depths)
 67529 | Depths:3 | Bought a pair of embroidered boots for 307 gold pieces
 67530 | Depths:3 | Found Ecesso's Distillery.
 67535 | Depths:3 | Bought a potion of heal wounds for 90 gold pieces
 67535 | Depths:3 | Bought a potion of heal wounds for 90 gold pieces
 67535 | Depths:3 | Bought a potion of heal wounds for 90 gold pieces
 67535 | Depths:3 | Bought a potion of haste for 180 gold pieces
 67604 | Depths:3 | Found a one-way gate to the infinite horrors of the Abyss.
 68371 | Vaults:5 | Entered Level 5 of the Vaults
 68383 | Vaults:5 | Identified the +1 robe "Syfu" {Dex+3} (Okawaru gifted it to
                  | you on level 5 of the Vaults)
 68383 | Vaults:5 | Received a gift from Okawaru
 68453 | Vaults:4 | Reached skill level 25 in Fighting
 68453 | Vaults:4 | Reached XP level 24. HP: 185/242 MP: 1/33
 68781 | Vaults:5 | Paralysed by an ogre mage for 6 turns
 69424 | Vaults:5 | Cast into level 3 of the Abyss (a deep elf demonologist)
 69424 | Abyss:3  | Found a corrupted altar of Lugonu.
 69702 | Abyss:3  | Found a corrupted altar of Lugonu.
 69745 | Abyss:3  | Lost intelligence.
 69751 | Abyss:3  | Paralysed by accursed screaming for 1 turns
 69932 | Vaults:5 | Escaped the Abyss
 69949 | Vaults:5 | Identified the amulet of the Ban {Reflect Str+3 SH+5}
 69976 | Vaults:5 | HP: 10/219 [shadow dragon/bolt of negative energy (27)]
 70025 | Vaults:5 | HP: 4/224 [yaktaur/bolt[a vault warden] (20)]
 70025 | Vaults:5 | Slain by a shadow dragon

Illustrated notes

Levels and vault maps discovered:
D:1:      mrwooster_arrival_statue_3, layout_basic,
          shapermc_ecumenical_altar_notcrosses, minmay_fountain_box
D:2:      layout_rooms
D:3:      layout_loops_ring, minmay_misc_feat_plants, uniq_grinder
D:4:      layout_rooms, portal_sewer_entry_b, serial_shops, shop_statue,
          kennysheep_mini, shop
D:5:      old_forge, layout_loops_ring, minmay_misc_feat_five
D:6:      layout_cave_pools, gammafunk_temple_overflow_elements,
          trog_hazing_becter, minmay_temple_entry_wispy
D:7:      nicolae_BIG_FREAKIN_CUBE, layout_cave_pools, serial_gnoll_camp,
          gnoll_camp_medium_02, gnoll_camp_huts_moat, gnoll_camp_mini_shop,
          gnoll_camp_mini_loothouse, enter_ossuary_2
D:8:      layout_gridville, mainiacjoe_overflow_divided_tiny, serial_shops, shop
D:9:      layout_loops_corners, minitemple,
          chequers_temple_overflow_statue_of_worship, minmay_splitting_lines,
          hex_tiny, wad_rectangle_vault
D:10:     layout_roguey, erik_lair_orcish_takeover, hiddenorc1_lemuel,
          uniq_joseph
D:11:     layout_irregular_city
D:12:     layout_loops_corners, serial_ice, serial_ice_g, serial_ice_a,
          serial_ice_m, serial_ice_h, serial_ice_l, serial_ice_o,
          portal_ice_cave_entry_pillars_1
D:13:     layout_loops_cross, skrybe_vaults_entry_preservation,
          gammafunk_ghost_necromancy, uniq_urug, uniq_rupert
D:14:     layout_cave_pools, chequers_serial_rivers_large_a, grunt_ministairs_2,
          uniq_nessos
D:15:     grunt_enter_depths_giant_problem, layout_cross, serial_shops,
          nicolae_shop_advertising_works [nicolae_subvault_shop_adworks]
Temple:   cyrus_circular_temple
Lair:1:   layout_roguey, beast_lair_carwin_2
Lair:2:   layout_chaotic_city
Lair:3:   nzn_winding_woodlands_stair_trap
          [nzn_winding_woodlands_5x15_longhouse,
          nzn_winding_woodlands_5x15_pool, nzn_winding_woodlands_5x15_zeroes,
          nzn_winding_woodlands_15x15_boxy_spiral,
          nzn_winding_woodlands_5x15_sidewinder,
          nzn_winding_woodlands_5x15_cabin, nzn_winding_woodlands_5x15_twine],
          layout_cave_pods, gauntlet_entry_generic, beast_lair_carwin_8
Lair:4:   minmay_lair_oklob_chamber, layout_hall_layers,
          minmay_shoals_entry_hut, guppyfry_snake_entry_island,
          lemuel_fruit_tree
Lair:5:   layout_cave_shapes, minmay_slime_entry_jelly_boxes,
          serial_bayou_pond_e, grunt_forest_large_clearing_hut
Lair:6:   wormcave, layout_gridlike, chequers_serial_rivers_room_b,
          grunt_forest_large_clearings
Shoals:1: nicolae_shoals_lighthouse, layout_shoals, nicolae_shop_clearance
Shoals:2: layout_shoals
Shoals:3: layout_shoals, nicolae_shoals_circle_sea_wall, uniq_louise,
          uniq_polyphemus
Shoals:4: shoals_end_simple, layout_shoals, shoal_ilsuiw, uniq_aizul
Snake:1:  layout_onion, serial_shops, nicolae_lakefront_shop, basic_altar,
          grunt_megastairs_2
Snake:2:  layout_rooms, basic_altar, grunt_megastairs_5, minmay_shop_grove,
          serial_bayou_shore_a, uniq_vashnia
Snake:3:  layout_layer_cave, special_room, st_stairs_7, grunt_megastairs_3
Snake:4:  snake_pit, layout_rooms, drop_trap
Orc:1:    layout_diamond_mine, uniq_jorgrun
Orc:2:    grunt_orc_community_town_hall, layout_diamond_mine,
          grunt_orc_community_big_house_1, grunt_orc_community_big_house_1,
          grunt_orc_community_house_1, grunt_orc_community_house_3,
          grunt_orc_community_house_2, grunt_orc_community_house_3,
          grunt_orc_community_house_1, grunt_orc_community_house_1,
          nicolae_volcano_entry_hallway, serial_shops, nicolae_diamond_shop,
          rock_pile
Elf:1:    nicolae_elf_arrival_dilemma, layout_loops_corners, basic_altar,
          minivault_28, nicolae_shop_gadgets, lemuel_upstairs_altar
Elf:2:    elven_hall_of_blades_hangedman_alternative
          [nicolae_blade_little_rooms], layout_onion_city, ebering_ghost_gozag
Elf:3:    nooodl_elf_gasket, layout_onion_city
Vaults:1: vaults_room_boxed, nicolae_vaults_asterisk,
          vaults_standard_mumra_enter_the_diamond, ontoclasm_vaults_fault,
          vaults_mumra_lcd, v_alt_pattern_2, nicolae_vaults_angled_halls,
          st_diamondy, dpeg_vaults_monster_box,
          vaults_room_grunt_arrival_checkpoint, layout_vaults_omnicross,
          serial_shops, shop
Vaults:2: mu_enter_wizlab_4, hangedman_vaults_capsules, v_misc_13, v_misc_32,
          vaults_mumra_minichess_inversion, ontoclasm_vaults_chip,
          gammafunk_the_bubble [the_bubble_gammafunk_roulette],
          vaults_room_semicircle, minmay_crypt_entry_simple_plaza, v_misc_8,
          v_alt_pattern_1, v_misc_15, hangedman_vaults_corner_blocks,
          ontoclasm_vaults_chip, layout_vaults_omnibox
Vaults:3: vaults_dpeg_encased_lava, hangedman_vaults_nails,
          nicolae_vaults_network_star, v_alt_pattern_5,
          nicolae_vaults_angled_halls, vaults_room_door_hall, vaults_dpeg_ring,
          vaults_room_fours, layout_vaults_omnigrid, uniq_mennas
Vaults:4: v_misc_5, vaults_room_glass_cross, v_pattern_5,
          nicolae_vaults_mini_display_case, nicolae_vaults_stairing_the_circle,
          nicolae_vaults_border_crossing, vaults_room_pools,
          nicolae_vaults_network_square, vaults_dpeg_cross,
          vaults_room_large_hall, nicolae_vaults_shelves_hall,
          ontoclasm_vaults_gateway, layout_vaults_maze_bifur
Vaults:5: serial_shops
Depths:1: minmay_the_grid_square_5x5_4x4_mashed
          [minmay_the_grid_square_5x5_minivault,
          minmay_the_grid_square_5x5_fat_x, minmay_the_grid_square_5x5_inner_i,
          minmay_the_grid_square_5x5_one_wall,
          minmay_the_grid_square_5x5_almost_minimal,
          minmay_the_grid_square_5x5_prize_rear_guard,
          minmay_the_grid_square_5x5_prize_junk,
          minmay_the_grid_square_5x5_doubleslash,
          minmay_the_grid_square_5x5_three_walls,
          minmay_the_grid_square_5x5_prize_deathbox,
          minmay_the_grid_square_5x5_prize_waves,
          minmay_the_grid_square_5x5_pentomino_r,
          minmay_the_grid_square_5x5_comb,
          minmay_the_grid_square_5x5_three_small,
          minmay_the_grid_square_5x5_eight,
          minmay_the_grid_square_5x5_beaten_path], layout_gridlike,
          lightli_too_deep, serial_shops, nicolae_square_shop,
          minmay_misc_feat_hallway
Depths:2: hangedman_spin_cycle, hell_entry, pan_entry
Depths:3: hangedman_box_tower, layout_gridville, minmay_misc_feat_roman,
          grunt_hell_entry_dis_grunt, abyss_entry_small_statue_room,
          nicolae_blasting_shop, minmay_shop_grid_forest, uniq_frederick

Skill      XL: |  1  2  3  4  5  6  7  8  9 10 11 12 13 14 15 16 17 18 19 20 21 22 23 24 |
---------------+-------------------------------------------------------------------------+-----
Polearms       | 3 6 7 8 10 12 13 14 | 14.0
Fighting       | 4 5 7 9 10 11 12 13 14 15 16 18 19 21 22 23 25 | 25.2
Armour         | 4 5 7 9 10 11 12 13 14 15 16 17 18 19 20 21 | 21.4
Shields        | 4 5 7 9 10 11 13 14 15 17 18 | 18.1
Dodging        | 3 5 7 8 10 11 12 13 14 15 16 17 18 19 | 19.7
Invocations    | 5 8 10 12 13 14 15 | 15.7
Crossbows      | 3 5 7 9 10 | 10.0
Evocations     | 4 5 7 8 9 10 11 12 13 | 13.4
Stealth        | 1 4 5 7 |  7.9
Translocations | 1 3 4 |  4.7
Spellcasting   | 3 4 |  4.4
Long Blades    | |  0.1

Action                   |  1- 3 |  4- 6 |  7- 9 | 10-12 | 13-15 | 16-18 | 19-21 | 22-24 || total
-------------------------+-------+-------+-------+-------+-------+-------+-------+-------++-------
Melee: Trident           |    96 |    78 |   439 |   615 |  1415 |  1095 |       |       ||  3738
       Headbutt          |    10 |    11 |    55 |   118 |   303 |   307 |   505 |   540 ||  1849
       Long sword        |     9 |       |       |       |       |       |       |       ||     9
       Demon trident     |       |       |       |       |       |   786 |  1960 |  1714 ||  4460
 Fire: Hand crossbow     |       |       |       |    10 |   154 |   372 |   186 |    87 ||   809
Throw: Dart              |       |     3 |    23 |    11 |     3 |       |       |       ||    40
 Cast: Apportation       |       |       |       |       |       |     2 |     1 |       ||     3
Invok: Heroism           |       |       |     2 |    14 |    18 |    25 |    16 |    11 ||    86
       Finesse           |       |       |       |     4 |     4 |     5 |     7 |     5 ||    25
       Duel              |       |       |       |       |       |       |     1 |     1 ||     2
Evoke: Wand              |       |       |       |       |       |     3 |       |       ||     3
       Lightning rod     |       |       |       |       |       |     3 |       |       ||     3
       Phial of floods   |       |       |       |       |       |     1 |       |     1 ||     2
       Condenser vane    |       |       |       |       |       |       |       |     2 ||     2
       Tin of tremorston |       |       |       |       |       |       |       |     1 ||     1
  Use: Scroll            |     4 |       |    13 |     8 |    15 |     7 |    13 |     8 ||    68
       Potion            |     1 |       |     1 |       |     4 |     4 |     5 |    14 ||    29
 Stab: Held in net/web   |       |       |     1 |       |       |       |       |       ||     1
       Distracted        |       |       |       |     1 |     1 |     2 |       |     1 ||     5
       Sleeping          |       |       |       |       |       |     9 |       |       ||     9
Armor: Scale mail        |    19 |       |       |       |       |       |       |       ||    19
       Plate armour      |    28 |    31 |   158 |   195 |     1 |       |   486 |   520 ||  1419
       Chain mail        |    12 |       |       |       |       |       |       |       ||    12
       Quicksilver drago |       |       |       |       |   407 |   651 |    21 |       ||  1079
Dodge: Dodged            |    38 |    21 |   157 |   217 |   741 |  1062 |   637 |   884 ||  3757
Block: Buckler           |    24 |    16 |    65 |   180 |   463 |   778 |   583 |   718 ||  2827
       Reflection        |       |       |       |       |    25 |   149 |   105 |    98 ||   377
